cohdb
Replays
Latest Replays
All Replays
Popular Replays
Top Player Replays
Match Explorer
How It Works
Community
CoH3 Stats
Reddit
Sign in to upload your games and track your stats! →
Sign in with Steam
Match 25212316
Unlisted
Match 25212316
Overview
Messages
Build Orders
End
Construct Infanterie Kompanie
Kettenkrad Recon Vehicle
Grenadier Squad
Grenadier Squad
Grenadier Squad
Medical Station
Selects Luftwaffe Battlegroup
Selects Stuka Strafing Run
Construct Panzergrenadier Kompanie
Selects Fallschirmjäger Squad Paradrop
Fallschirmjäger Squad Paradrop
Support Elements
Pak 40 Anti-tank Gun Team
MG 42 Machine Gun Team
Selects Luftwaffe Pioneer Support
Selects Luftwaffe Combat Group
Luftwaffe Combat Group
Luftwaffe Combat Group
Pioneer Squad
Stuka Strafing Run
StuG III G Assault Gun
StuG III G Assault Gun
StuG III G Assault Gun
MG 42 Machine Gun Team
Selects Infantry Reserves
Selects Fragmentation Bombs
MG 42 Bunker
Fragmentation Bombs
Luftwaffe Combat Group
Stuka Strafing Run
Pioneer Squad
ConcernedApe
Caramez
0
0
Comments
sign in to comment!
No comments posted yet!